 Dungeon Crawl Stone Soup version 0.20.1-1-g8b1a95d (webtiles) character file.

182 vishdafish the Covered (level 5, -4/41 HPs)
             Began as a Demonspawn Fighter on July 3, 2017.
             Killed by nerve-wracking pain
             ... invoked by an orc priest
              (10 damage)
             ... on level 3 of the Dungeon.
             The game lasted 00:03:36 (2121 turns).

vishdafish the Covered (Demonspawn Fighter)         Turns: 2121, Time: 00:03:38

Health: -4/41      AC:  8    Str: 17    XL:     5   Next: 34%
Magic:  5/5        EV:  7    Int: 10    God:
Gold:   81         SH:  9    Dex: 12    Spells: 4/4 levels left

rFire    . . .     SeeInvis .   a - +0 war axe
rCold    . . .     Gourm    .   c - +0 shield
rNeg     . . .     Faith    .   b - +0 scale mail
rPois    .         Spirit   .   (no helmet)
rElec    .         Reflect  .   (no cloak)
rCorr    .         Harm     .   (no gloves)
MR       .....                  (no boots)
Stlth    ..........             (no amulet)
Regen    0.2/turn               (no ring)
MPRegen  0.1/turn               (no ring)

@: no status effects
A: talons 2, thin metallic scales 1, powered by pain 1
a: no special abilities


You were on level 3 of the Dungeon.
You were not hungry.

You visited 1 branch of the dungeon, and saw 4 of its levels.

You collected 81 gold pieces.

Inventory:

Hand Weapons
 a - a +0 war axe (weapon)
Armour
 b - a +0 scale mail (worn)
 c - a +0 shield (worn)
Scrolls
 e - a scroll of identify {unknown}
 g - a scroll of amnesia {unknown}
 j - a scroll of enchant armour {unknown}
 l - a scroll of remove curse
 n - a scroll of noise {unknown}
 o - a scroll of random uselessness {unknown}
 q - a scroll of blinking {unknown}
 r - 2 scrolls of immolation {unknown}
 s - a scroll of teleportation {unknown}
Potions
 d - 2 potions of might
 m - a potion of resistance {unknown}
 p - a potion of heal wounds {unknown}
Comestibles
 f - 3 bread rations


   Skills:
 + Level 3.4 Fighting
 + Level 3.1 Axes
 + Level 3.5 Armour
 + Level 1.3 Dodging
 + Level 3.5 Shields


You had 4 spell levels left.
You didn't know any spells.

Dungeon Overview and Level Annotations

Branches:
Dungeon (4/15)
 Temple: D:4-7

Altars:
Yredelemnul


Innate Abilities, Weirdness & Mutations

You have razor-sharp toenails.
You are partially covered in thin metallic scales. (AC +2)
You sometimes gain a little power by taking damage.


Message History

The orc priest is healed somewhat.
The orc priest barely misses you.
You hit the orc priest. Your kick misses the orc priest.
The orc priest is heavily wounded.
You barely miss the orc priest. The orc priest closely misses you.
You block the orc priest's attack.
You hit the orc priest but do no damage.
The orc priest is heavily wounded.
You slash the orc priest! The orc priest barely misses you.
You block the orc priest's attack. x2
You closely miss the orc priest.
The orc priest is heavily wounded.
You completely miss the orc priest. The orc priest closely misses you.
You block the orc priest's attack.
You closely miss the orc priest.
The orc priest is heavily wounded.
You barely miss the orc priest.
The orc priest casts a cantrip, but nothing happens.
The orc priest mumbles some strange prayers to Beogh against you.
Pain shoots through your body!
You die...

#..... ..... ## ...# .. ..# ##.
##.## ### 8. #...# #.. #. .. #.
#..># #.# #. .. #.# #...# #.# ##.
.# # #.# #.@.#####.# #8. .##..#.
#.# #oo.).....### ####.
.##..#.##.#####...#####.#8###8##.
.##...............# #..........
.##...............# #..........
.##....##.........# #..........
.##..# #.#####...#####.#8###8###
.##..####.# #.........#########
.##.(.....#####...####### #.#..#.


You could see 2 orc priests.

Vanquished Creatures
  A worker ant (D:4)
  Robin (D:3)
  6 adders
  An ooze (D:4)
  2 worms
  2 leopard geckos
  6 orcs
  5 bats
  A giant cockroach (D:3)
  16 goblins
  12 hobgoblins
  A quokka (D:3)
  3 frilled lizards
  9 kobolds
  9 rats
75 creatures vanquished.

Notes
Turn   | Place    | Note
-------+----------+-------------------------------------------
     0 | D:1      | vishdafish the Demonspawn Fighter began the quest for the Orb.
     0 | D:1      | Reached XP level 1. HP: 18/18 MP: 1/1
    96 | D:1      | Gained mutation: You have sharp toenails. [demonic ancestry]
    96 | D:1      | Reached XP level 2. HP: 15/24 MP: 2/2
   738 | D:2      | Gained mutation: You have razor-sharp toenails. [demonic ancestry]
   738 | D:2      | Reached XP level 3. HP: 18/29 MP: 3/3
   936 | D:2      | Found a basalt altar of Yredelemnul.
  1247 | D:2      | Reached skill level 1 in Dodging
  1247 | D:2      | Gained mutation: You are partially covered in thin metallic scales. (AC +2) [demonic ancestry]
  1247 | D:2      | Reached XP level 4. HP: 32/35 MP: 4/4
  1757 | D:3      | Noticed Robin
  1766 | D:3      | Killed Robin
  1766 | D:3      | Gained mutation: You sometimes gain a little power by taking damage. [demonic ancestry]
  1766 | D:3      | Reached XP level 5. HP: 37/41 MP: 5/5
  2121 | D:3      | Killed from afar by an orc priest

Skill      XL: |  1  2  3  4  5 |
---------------+----------------+-----
Armour         | 3 |  3.5
Axes           | 2 3 |  3.1
Shields        | 3 |  3.5
Dodging        | 1 |  1.3
Fighting       | |  3.4

Action                   |  1- 3 |  4- 6 || total
-------------------------+-------+-------++-------
Melee: War axe           |    98 |   114 ||   212
       Kick              |    13 |    27 ||    40
  Use: Scroll            |       |     1 ||     1
       Potion            |       |     2 ||     2
  Eat: Chunk             |     1 |     3 ||     4
Armor: Scale mail        |    43 |    57 ||   100
Dodge: Dodged            |    33 |    43 ||    76
Block: Shield            |    59 |    73 ||   132
